cohdb
Replays
Latest Replays
All Replays
Popular Replays
Top Player Replays
Match Explorer
How It Works
Community
CoH3 Stats
Reddit
Sign in to upload your games and track your stats! →
Sign in with Steam
Match 41614190
Unlisted
Match 41614190
Overview
Messages
Build Orders
End
Panzergrenadier Squad
Selects Armored Support Battlegroup
Kradschützen Motorcycle Team
Panzergrenadier Squad
Construct Light Support Kompanie
Panzergrenadier Squad
2.5-tonne Medical Truck
Forward Retreat Point
Fire Support Elements
Pak 38 Anti-tank Gun Team
le.IG 18 Mechanized Group
Pak 38 Anti-tank Gun Team
Pak 38 Anti-tank Gun Team
Construct Panzerarmee Kommand
le.IG 18 Mechanized Group
Tungsten Core Ammunition
Selects Veteran Gunners
Selects Salvage Kits
Selects Panzer Storm
Armored Reserves
2.5-tonne Medical Truck
Selects Stuka Anti-tank Loiter
Stuka Anti-tank Loiter
Tiger Heavy Tank
Walking Stuka Rocket Launcher
Stuka Anti-tank Loiter
Tiger Heavy Tank
2.5-tonne Medical Truck
UH|dun! ツ
UH|ck
iceman
godsarmylds
[TRTL]LittleDADDY96
BMO COLOR
0
0
Comments
sign in to comment!
No comments posted yet!